Map: Overgrown Facility

Players

brian

  • Race: Terran Terran
  • Spawn Location: 1:00

Bubbles

  • Race: Zerg Zerg
  • Spawn Location: 3:00

MonstroTown - Winner!

  • Race: Terran Terran
  • Spawn Location: 7:00

Michael - Winner!

  • Race: Zerg Zerg
  • Spawn Location: 9:00

VOD

Have the link to the VOD?

Description

Time

  • Played on: Aug. 31, 2018, 11:57 p.m.
  • Length: 12:31
Show
View Real Time Build Order
Export as new Build Order

brian Terran 

Build Orders: 1/1/1, Liberator Opening 

Get SALT Encoding   

  12  0:00  SCV  
  13  0:17  Supply Depot  
  13  0:18  SCV  
  14  0:31  Refinery  
  14  0:42  Barracks  
  14  0:43  SCV  
  15  0:51  Refinery  
  15  0:57  SCV  
  16  1:15  SCV  
  17  1:31  Factory  
  17  1:37  Supply Depot  
  17  1:44  Orbital Command  
  17  1:49  Marine  
  18  2:15  Factory Tech Lab  
  18  2:19  Starport  
  18  2:21  SCV  
  19  2:26  Marine  
  20  2:38  Siege Tank  
  20  2:39  Liberator  
  23  2:55  Marine  
  27  3:00  Supply Depot  
  27  3:03  SCV  
  27  3:28  Siege Tank  
  27  3:31  Liberator  
  30  3:34  Marine  
  31  3:52  Marine  
  34  4:20  Siege Tank  
  34  4:21  Marine  
  38  4:35  Liberator  
  33  5:11  Siege Tank  
  33  5:12  Marine  
  37  5:53  Siege Tank  
  37  6:02  SCV  
  35  6:07  Barracks  
  35  6:10  Barracks  
  35  6:11  Viking  
  37  6:13  Reaper  
  38  6:36  Supply Depot  
  38  6:37  SCV  
  39  6:47  Viking  
  41  6:48  Siege Tank  
  41  6:49  SCV  
  45  7:42  Marine  
  45  7:43  Marine x2  
  48  7:44  Siege Tank  
  48  7:45  Viking  
  49  8:14  Liberator  
  30  8:29  Marine x3  
  30  8:31  Siege Tank  
  39  8:37  Supply Depot  
  39  8:42  SCV  
  39  8:47  Barracks  
  40  8:48  Command Center  
  40  8:55  Marine x2  
  40  8:57  Barracks Reactor  
  40  9:01  Supply Depot  
  42  9:04  Engineering Bay  
  42  9:07  Armory  
  42  9:13  Marine x2  
  41  9:48  Liberator  
  41  10:02  Marine  
  41  10:03  Marine x3  
  41  10:04  Siege Tank  
  38  10:56  Liberator  
  35  11:10  Marine x4  
  27  11:11  Siege Tank  
  33  11:44  Marine  
  33  11:45  Marine x2  
  33  11:46  Marine  
  37  11:49  SCV  
  36  11:59  Marine  
  36  12:01  SCV  
  36  12:13  SCV  
Show
View Real Time Build Order
Export as new Build Order

Bubbles Zerg 

Build Orders: Hatch First 

Get SALT Encoding   

  12  0:01  Drone  
  13  0:11  Drone  
  14  0:20  Overlord  
  14  0:58  Hatchery  
  14  1:04  Drone  
  14  1:05  Drone  
  14  1:06  Drone  
  16  1:15  Spawning Pool  
  15  1:19  Extractor  
  15  1:21  Extractor, Drone  
  14  1:29  Drone  
  15  1:37  Drone  
  16  1:52  Drone  
  17  2:03  Queen  
  19  2:28  Queen  
  21  2:30  Zergling x4  
  23  2:40  Drone x3  
  26  2:56  Zergling x4  
  26  2:57  Overlord  
  28  3:03  Metabolic Boost  
  28  3:17  Zergling x6  
  31  3:32  Zergling x4  
  31  3:33  Zergling x2  
  34  3:36  Zergling x2  
  34  3:39  Lair  
  35  3:47  Overlord  
  35  3:58  Extractor  
  34  4:05  Drone x2  
  29  5:23  Zergling x8  
  29  5:24  Zergling x4  
  35  5:28  Spire  
  30  5:46  Zergling x4  
  30  5:47  Zergling x12  
  25  6:01  Lair  
  24  6:21  Drone x2  
  24  6:22  Drone  
  27  6:39  Drone x6  
  33  6:44  Mutalisk x2  
  26  8:06  Mutalisk  
  26  8:07  Mutalisk x4  
  35  8:14  Extractor  
  35  8:18  Extractor  
  33  8:20  Mutalisk x2  
  37  8:31  Zergling x4  
  39  8:38  Zergling x4  
  41  8:44  Drone x3  
  44  9:03  Overlord x2  
  44  9:08  Zerg Flyer Weapons Level 1  
  44  9:20  Queen  
  44  9:23  Drone x2  
  44  9:24  Drone  
  49  9:28  Zergling x6  
  51  10:08  Mutalisk x2  
  51  10:12  Drone  
  56  10:18  Zergling x6  
  56  10:19  Zergling x2  
  56  10:20  Overlord  
  35  10:54  Zergling x6  
  31  11:23  Mutalisk x2  
  31  11:24  Mutalisk x3  
  26  11:36  Zergling x8  
  26  11:37  Zergling x2  
  20  12:05  Zergling x6  
  20  12:06  Zergling x6  
Show
View Real Time Build Order
Export as new Build Order

MonstroTown Terran - Winner!

Build Orders: Cyclone Opening 

Get SALT Encoding   

  12  0:01  SCV  
  13  0:13  SCV  
  14  0:18  Supply Depot  
  14  0:25  SCV  
  15  0:30  Refinery  
  15  0:43  Barracks  
  15  0:46  SCV  
  16  0:53  Refinery  
  16  0:58  SCV  
  17  1:10  SCV  
  18  1:22  SCV  
  19  1:30  Reaper  
  20  1:40  Factory  
  20  1:41  Orbital Command  
  20  2:03  Barracks Reactor  
  20  2:08  SCV  
  20  2:12  Supply Depot  
  21  2:25  SCV  
  22  2:37  SCV  
  23  2:50  SCV  
  23  2:53  Command Center  
  26  2:58  Cyclone  
  26  3:03  Cyclone  
  29  3:07  Marine  
  30  3:20  Starport  
  30  3:30  Cyclone  
  33  3:37  Cyclone  
  36  3:41  SCV  
  36  3:46  Marine  
  38  3:57  Supply Depot  
  41  4:11  Marine  
  41  4:12  Liberator  
  41  4:13  SCV  
  39  4:48  SCV x2  
  24  5:20  Viking  
  7  6:57  Orbital Command  
  7  7:35  SCV  
  7  7:36  Liberator, SCV  
  12  8:09  SCV x2  
  14  8:21  SCV  
  15  8:33  Supply Depot  
  15  8:34  SCV  
  16  8:59  Starport Tech Lab  
  16  9:04  Barracks  
  16  9:11  Barracks  
  16  9:21  Banshee  
  19  9:44  SCV  
  17  10:13  Orbital Command  
  17  10:16  Marine  
  17  10:19  Refinery  
  13  11:13  Marine  
  14  11:18  Raven  
  14  11:21  SCV  
  17  11:33  SCV  
  17  11:34  Refinery  
  18  11:46  Barracks  
  18  11:48  Barracks  
  18  11:53  Supply Depot  
  18  11:58  Engineering Bay  
  18  12:06  Marine x2  
Show
View Real Time Build Order
Export as new Build Order

Michael Zerg - Winner!

Build Orders: Hatch First 

Get SALT Encoding   

  12  0:01  Drone  
  13  0:12  Overlord  
  13  0:18  Drone  
  14  0:31  Drone x2  
  14  0:34  Drone  
  17  0:45  Drone  
  18  0:58  Hatchery  
  18  1:01  Drone  
  18  1:06  Extractor  
  18  1:08  Drone  
  18  1:21  Spawning Pool  
  18  1:23  Drone  
  18  1:29  Drone  
  19  1:39  Drone  
  20  1:49  Overlord  
  20  2:08  Queen  
  22  2:09  Metabolic Boost  
  22  2:11  Queen  
  22  2:13  Zergling x2  
  25  2:15  Zergling x2  
  25  2:18  Zergling x2  
  27  2:23  Drone  
  27  2:26  Drone  
  29  2:37  Roach Warren  
  29  2:40  Drone  
  29  2:43  Drone  
  29  2:51  Drone  
  29  2:52  Drone  
  29  2:56  Drone  
  29  2:57  Drone  
  33  3:15  Hatchery  
  33  3:16  Drone  
  33  3:19  Drone  
  33  3:21  Drone  
  32  3:37  Roach  
  32  3:38  Roach  
  32  3:39  Overlord x2  
  36  3:47  Overlord  
  36  3:48  Overlord  
  36  3:54  Extractor  
  35  3:58  Lair  
  35  4:01  Roach  
  37  4:05  Roach  
  39  4:12  Drone x2  
  39  4:14  Drone  
  42  4:18  Roach  
  42  4:20  Zergling x2  
  46  4:24  Zergling x4  
  46  4:26  Zergling x2  
  46  4:28  Zergling x2  
  49  4:34  Zergling x4  
  49  4:35  Zergling x2  
  49  4:37  Zergling x2  
  53  4:39  Zergling x2  
  54  4:50  Zergling x10  
  54  4:51  Zergling x2  
  43  5:19  Spore Crawler  
  43  5:20  Spore Crawler  
  41  5:21  Spore Crawler  
  41  5:23  Spore Crawler  
  41  5:24  Spore Crawler  
  41  5:25  Spore Crawler  
  41  5:26  Spore Crawler  
  36  5:28  Queen  
  36  5:29  Drone  
  36  5:30  Drone x3  
  36  5:31  Drone  
  43  5:39  Hydralisk Den  
  41  5:44  Drone  
  41  5:45  Drone x2  
  41  5:47  Drone  
  42  6:06  Drone x4  
  42  6:07  Drone x4  
  45  6:18  Drone x2  
  45  6:19  Drone x4  
  45  6:20  Drone  
  45  6:23  Extractor  
  45  6:24  Extractor  
  50  6:28  Spore Crawler  
  49  6:33  Spore Crawler  
  49  6:35  Spine Crawler  
  49  6:37  Drone  
  49  6:38  Spore Crawler  
  49  6:39  Drone  
  48  6:40  Drone  
  48  6:42  Drone  
  48  6:44  Drone  
  48  6:45  Drone  
  52  6:49  Drone  
  53  6:55  Muscular Augments  
  53  6:57  Glial Reconstitution  
  53  7:05  Evolution Chamber  
  53  7:07  Evolution Chamber  
  51  7:10  Spine Crawler x2  
  51  7:11  Hydralisk x2  
  51  7:13  Hydralisk  
  55  7:19  Hydralisk  
  55  7:20  Hydralisk  
  61  7:22  Roach  
  61  7:28  Hydralisk  
  61  7:29  Hydralisk x6  
  69  7:32  Overlord x2  
  69  7:36  Hydralisk  
  71  7:43  Roach x2  
  62  7:54  Roach x3  
  66  8:01  Zergling x2  
  51  8:20  Hydralisk  
  51  8:21  Hydralisk x2  
  57  8:28  Drone  
  57  8:29  Drone x7  
  57  8:32  Queen  
  67  8:35  Grooved Spines  
  67  8:46  Extractor  
  67  8:47  Extractor  
  64  8:58  Queen  
  66  9:07  Hatchery  
  66  9:08  Drone x2  
  66  9:09  Infestation Pit, Drone  
  67  9:17  Drone x3  
  68  9:23  Evolution Chamber  
  69  9:24  Drone  
  69  9:27  Hydralisk x4, Evolution Chamber  
  69  9:29  Zergling x2  
  69  9:30  Zergling x8  
  82  9:38  Roach  
  82  9:45  Overlord x5  
  82  10:02  Hydralisk  
  82  10:04  Hydralisk x4  
  92  10:11  Hydralisk  
  92  10:12  Hydralisk  
  96  10:15  Hydralisk  
  96  10:18  Zergling x2  
  96  10:19  Zergling x2  
  100  10:21  Zergling x2  
  100  10:28  Hydralisk x2  
  86  10:44  Hydralisk x4  
  88  10:52  Hydralisk  
  88  10:53  Hydralisk  
  88  10:56  Zergling x6  
  91  11:10  Hydralisk x2  
  86  11:16  Hydralisk  
  84  11:19  Zergling x2  
  84  11:20  Zergling x10  
  90  11:26  Zergling x2  
  91  11:35  Hydralisk  
  91  11:37  Zergling x4  
  95  11:40  Hatchery  
  94  11:48  Hydralisk  
  94  11:49  Hydralisk x3  
  97  12:03  Hydralisk  
  97  12:04  Hydralisk x4  
  97  12:05  Hydralisk  
Tags
 
Add a new tag
Caveats
  • Supply blocks, unpowered buildings, or Contaminate may cause inaccurate times.
  • Supply counts are checked every 10 seconds.